woodfighter, chaotic female human Barbarian ------- --------- |..(^..# ###+.......| ------- |..._<|# # |.......| |.....-## |.....|# #####+..>....| |.....| # --|----# # # |.....--- |.....| ###############`##########-.....|###### |......# # # # # |.....|# |.....|# ### # ### # --.----###############` --.----# # # # ###### ----|---- # # ### # # # #........| ### # # # # ## ###|.......| # # ## # # -----|-########-.......| ### # -.------ ####### # |....[-###### --------- # ### |......| #-----|---# |.....|# #### # |...*..| #........|# |.....|# ----|------- ##+......| |.......|# |....>|# |..........| ---+---- |.......-# -------# |........{..## # ---------############# ------------############################## woodfighter the Pillager Experience level: 5 Strength: 18/04 Dexterity: 18 Constitution: 19 Intelligence: 7 Wisdom: 6 Charisma: 6 Health: 0(56) Energy: 14(14) Def: 12 Gold: 0 Moves: 1837 Dungeon seed: PCpm_hNVbJa0Qrzr Game ID: woodfighter_1444763024 Your Inventory: Weapons a - a +0 battle-axe (weapon in hands) b - a +0 short sword (alternate weapon; not wielded) E - 4 +0 daggers Armor n - an uncursed +0 orcish helm (being worn) r - an uncursed +0 pair of speed boots (being worn) F - an uncursed +3 dwarvish cloak (being worn) N - an uncursed +0 pair of gauntlets of dexterity (being worn) S - an uncursed +0 dwarvish mithril-coat (being worn) Comestibles c - an uncursed food ration i - an uncursed eucalyptus leaf j - an uncursed lichen corpse K - a cursed tripe ration Rings B - an uncursed ring of free action Wands d - a wand of probing (0:7) m - a wand of magic missile (0:6) A - a cursed wand of teleportation (0:7) I - a cursed wand of locking (0:2) M - a wand of teleportation (0:3) X - a wand of opening (0:2) Tools f - a +0 pick-axe s - an uncursed bag of holding x - an uncursed oil lamp (0:1223) P - a cursed lock pick Contents of the bag of holding: 1116 gold pieces an uncursed +0 dwarvish cloak an uncursed +0 dwarvish cloak an uncursed +0 dwarvish cloak a cursed -1 dwarvish cloak an uncursed +0 pair of kicking boots an uncursed apple an uncursed carrot 2 uncursed cherries 2 uncursed cram rations an uncursed cream pie 2 uncursed eucalyptus leaves an uncursed food ration 2 uncursed fortune cookies an uncursed lembas wafer 2 uncursed sprigs of wolfsbane an uncursed tin of green mold 2 uncursed tripe rations 2 uncursed scrolls of create monster an uncursed scroll of destroy armor an uncursed scroll of scare monster an uncursed spellbook of invisibility an uncursed spellbook of levitation an uncursed potion of blindness a cursed potion of hallucination an uncursed potion of healing a potion of unholy water a wand of enlightenment (0:13) an uncursed blindfold an uncursed sack 2 uncursed tallow candles (0:200) 8 uncursed wax candles (0:400) an uncursed worthless piece of blue glass 3 uncursed worthless pieces of green glass an uncursed worthless piece of red glass an uncursed worthless piece of violet glass Spells and supernatural/magical abilities: Name Level Category Fail Memory W - pray for help -- divine ? -- Your skills at the end: Miscellaneous Skills bare handed combat [Basic] Weapon Skills axe [Basic] short sword [Basic] Spellcasting Skills Final Attributes: You were piously aligned. You were poison resistant. You were blinded. You were very fast. You are dead. Vanquished creatures: a ghost a small mimic a leprechaun 2 gnome lords a giant ant a kitten 3 dwarves a rothe 4 geckos 6 gnomes 6 jackals 2 newts 3 goblins a sewer rat 2 grid bugs 3 lichens 38 creatures vanquished. Voluntary challenges: You used a wielded weapon 43 times, starting on turn 1. You did not apply a unicorn horn. You read items or engraved 9 times, starting on turn 198. You never genocided any monsters. You never polymorphed an object. You never changed form. You used no wishes. You never split a pudding. You wrote Elbereth's name 1 time, starting on turn 1146. You never violated your personal moral code. Dungeon overview: The Dungeons of Doom: levels 1 to 4 Level 1 a fountain a long staircase Level 2 an armor shop Level 3 (vault) <- You were here an altar to Set, a fountain stairs to The Gnomish Mines Level 4 a sink The Gnomish Mines: levels 4 to 5 Level 4 stairs to The Dungeons of Doom Level 5 History has recorded: On T:1 you entered the Dungeons of Doom to retrieve the Amulet of Yendor! On T:268 you reached level 2 of The Dungeons of Doom. On T:322 you advanced to experience level 2. On T:424 you reached level 3 of The Dungeons of Doom. On T:771 you advanced to experience level 3. On T:1097 you reached level 1 of The Gnomish Mines. On T:1130 you reached level 4 of The Dungeons of Doom. On T:1178 you advanced to experience level 4. On T:1360 you reached level 2 of The Gnomish Mines. On T:1491 you advanced to experience level 5. Score breakdown: Gold: 1116 ( 111 points) Experience: 5 levels ( 400 points) Exploration: 5 levels ( 120 points) Discoveries: 6 items ( 300 points) Variety of kills: 16 monsters ( 800 points) Major goal: (nothing yet) ( 0 points) Survival: died (score multiplied by 3) Total score: 5193 Latest messages: A lit field surrounds you! The wand of light suddenly explodes! You are caught in the magical blast! You are blinded by the flash! You die... The sack is empty. The sack is empty. Final status: Goodbye woodfighter the Barbarian, killed by an exploding wand... You died in The Dungeons of Doom on dungeon level 3 with 5193 points, and 1116 pieces of gold, after 1837 moves. You were level 5 with a maximum of 56 hit points when you died.